 Dungeon Crawl Stone Soup version 0.32-a0-616-g9348d4545b (webtiles) character file.

Game seed: 17988168631425870597

27 Dogenite the Slasher (level 2, -3/25 HPs)
             Began as a Minotaur Gladiator on Mar 5, 2024.
             Frozen to death by an endoplasm (5 damage)
             ... on level 1 of the Dungeon.
             The game lasted 00:01:21 (692 turns).

Dogenite the Slasher (Minotaur Gladiator)            Turns: 692, Time: 00:01:22

Health: -3/25      AC:  3    Str: 18    XL:     2   Next: 93%
Magic:  1/1        EV:  2    Int:  5    God:
Gold:   66         SH:  0    Dex: 11    Spells: 1/1 levels left

rFire   . . .        a - +0 long sword
rCold   . . .        (no shield)
rNeg    . . .        b - +0 leather armour
rPois   .            c - +0 hat
rElec   .            (no cloak)
rCorr   .            (no gloves)
SInv    .            (no boots)
Will    .....        (no amulet)
Stlth   +            (no ring)
HPRegen 0.24/turn    (no ring)
MPRegen 0.07/turn

%: no passive effects
@: constricted
A: horns 2, retaliatory headbutt
a: no special abilities


You were on level 1 of the Dungeon.
You visited 1 branch of the dungeon, and saw 1 of its levels.

You collected 66 gold pieces.

Inventory:

Hand Weapons
 a - a +0 long sword (weapon)
Missiles
 d - 3 throwing nets (quivered)
 e - a javelin
Armour
 b - a +0 leather armour (worn)
 c - a +0 hat (worn)
Talismans
 f - a beast talisman
 g - a flux talisman
Scrolls
 i - a scroll of silence {unknown}
 m - a scroll of noise {unknown}
Potions
 h - a potion of brilliance {unknown}
 j - a potion of might {unknown}
 k - 2 potions of magic {unknown}
 l - a potion of attraction {unknown}


   Skills:
 + Level 2.6 Fighting
 + Level 4.0 Long Blades
 + Level 2.2 Throwing
 + Level 1.0 Armour
 + Level 3.8 Dodging


You had one spell level left.
You didn't know any spells.
Your spell library contained the following spells:

 Spells                   Type           Power      Damage    Failure   Level
 Anguish                  Hex/Necr       0%         N/A       99%         4
 Cause Fear               Hex            0%         N/A       99%         4
 Enfeeble                 Hex            0%         N/A       100%        7


Dungeon Overview and Level Annotations

Branches:
Dungeon (1/15)

Altars:


Innate Abilities, Weirdness & Mutations

You have a pair of horns on your head.
You reflexively headbutt those who attack you in melee.


Message History

You escape the ball python's grasp.
The bat hits you but does no damage.
You hit the bat. You headbutt the bat.
You kill the bat!
The ball python bites you. The ball python misses you.
The endoplasm hits the plant.
The ball python closely misses you. The ball python grabs you.
The ball python constricts you.
Your Armour skill increases to level 1!
You hit the hobgoblin but do no damage.
A nearby plant withers and dies.
The hobgoblin hits you but does no damage.
The ball python bites you. The ball python constricts you.
The giant cockroach bites you but does no damage.
You hit the hobgoblin.
The hobgoblin is severely wounded.
A nearby plant withers and dies.
The ball python bites you. The ball python constricts you.
The hobgoblin hits you but does no damage.
The giant cockroach bites you. The hobgoblin hits you.
The ball python bites you. The ball python constricts you.
You hit the hobgoblin.
You kill the hobgoblin!
The giant cockroach bites you. The ball python barely misses you.
The ball python constricts you.
* * * LOW HITPOINT WARNING * * *
The hobgoblin hits you but does no damage.
You barely miss the giant cockroach.
The giant cockroach bites you but does no damage.
The ball python bites you.
* * * LOW HITPOINT WARNING * * *
The ball python constricts you.
The endoplasm hits you but does no damage.
The hobgoblin hits you.
* * * LOW HITPOINT WARNING * * *
The giant cockroach bites you.
* * * LOW HITPOINT WARNING * * *
The ball python bites you but does no damage.
The ball python constricts you.
You barely miss the giant cockroach. The endoplasm freezes you.
You are frozen.
You die...

#...###...####.##..#..#
##...####...##..#.......
#....'.......>..........
#....########..######'##
#....# #.........#
#....### #.#########
#......# #.# #...####g##
#.# #.#.♣...J@# #.#
#.P.~.♣.SB# #.#
#.~..~.~..# #.#
#.~~~~~~P.# #.#
♣~~~≈~...# #.#
.~.~≈~~..# ###
.P~~≈~~P.# .~~~≈~~.##


You could see an endoplasm, a giant cockroach, a hobgoblin and a ball python.

Vanquished Creatures
  2 dart slugs (D:1)
  3 bats (D:1)
  2 endoplasms (D:1)
  A giant cockroach (D:1)
  A goblin (D:1)
  3 hobgoblins (D:1)
  A quokka (D:1)
  3 ball pythons (D:1)
  5 frilled lizards (D:1)
  A kobold (D:1)
22 creatures vanquished.

Notes
Turn   | Place    | Note
-------+----------+-------------------------------------------
     0 | D:1      | Dogenite the Minotaur Gladiator began the quest for the
                  | Orb.
     0 | D:1      | Reached XP level 1. HP: 18/18 MP: 0/0
   167 | D:1      | Reached XP level 2. HP: 25/25 MP: 1/1
   178 | D:1      | Reached skill level 4 in Long Blades
   688 | D:1      | Reached skill level 1 in Armour
   692 | D:1      | Frozen to death by an endoplasm

Illustrated notes

Levels and vault maps discovered:
D:1:      amcnicky_arrival_feature_with_door, layout_basic, serial_bayou_pond_b,
          chequers_jeans, minmay_tetromino_i2

Skill      XL: |  1  2 |
---------------+-------+-----
Long Blades    | 4 |  4.0
Armour         | 1 |  1.0
Fighting       | |  2.6
Throwing       | |  2.2
Dodging        | |  3.8

Action                     || total
---------------------------++-------
  Melee: Long sword        ||    46
         Headbutt          ||     3
 Armour: Leather armour    ||    49
  Dodge: Dodged            ||    41

Table legend: (Time is in decaauts)
 A = Elapsed time spent in this place.
 B = Non-inter-level travel time spent in this place.
 C = Inter-level travel time spent in this place.
 D = Time resting spent in this place.
 E = Time spent auto-exploring this place.
 F = Levels seen in this place.
 G = Mean time per level.
                   A        B        C        D        E       F      G
               +--------+--------+--------+--------+--------+-----+--------+
         Total |    701 |    701 |      0 |      0 |    416 |   1 |  701.0 |
       Dungeon |    701 |    701 |      0 |      0 |    416 |   1 |  701.0 |
               +--------+--------+--------+--------+--------+-----+--------+

Top non-repeatable levels by time:
     D:1: 701 daAuts
